 Dungeon Crawl Stone Soup version 0.24-a0-537-g2d01d4ab0a (webtiles) character file.

Game seed: 976707605995795139

2412 BinkBink the Blocker (level 9, -7/69 HPs)
             Began as a Formicid Fighter on Aug 14, 2019.
             Was an Initiate of Cheibriados.
             Killed from afar by a gargoyle (18 damage)
             ... with a stone arrow
             ... on level 7 of the Dungeon.
             The game lasted 00:13:24 (6245 turns).

BinkBink the Blocker (Formicid Fighter)             Turns: 6245, Time: 00:13:24

Health: -7/69      AC: 15    Str: 29    XL:     9   Next: 76%
Magic:  9/9        EV:  6    Int: 15    God:    Cheibriados [......]
Gold:   372        SH: 18    Dex: 11    Spells: 8/8 levels left

rFire    x . .     SeeInvis +   t - +2 short sword of Arrival {venom, +Fly rElec rPois rF-}
rCold    . . .     Gourm    .   z - +0 large shield
rNeg     . . .     Faith    .   x - +0 plate armour
rPois    +         Spirit   .   (helmet unavailable)
rElec    +         Reflect  .   g - +0 cloak
rCorr    .         Harm     .   n - +0 pair of gloves
MR       .....                  (no boots)
Stlth    ..........             (no amulet)
HPRegen  0.21/turn              y - ring of stealth
MPRegen  0.11/turn              (no ring)

@: mighty, brilliant, very slow
A: permanent stasis, dig shafts and tunnels, four strong arms, antennae 3
a: Dig, Shaft Self, Bend Time, Renounce Religion, Evoke Flight


You were on level 7 of the Dungeon.
You worshipped Cheibriados.
Cheibriados was noncommittal.
You were hungry.

You visited 2 branches of the dungeon, and saw 8 of its levels.
You also visited: Sewer.

You collected 372 gold pieces.

Inventory:

Hand Weapons
 a - a +0 long sword
 b - a +1 war axe of flaming
 c - the +3 short sword of Qazlal's Benevolence {antimagic, rElec MP+9}
   (You found it on level 6 of the Dungeon)

   It reduces the magical energy of the wielder, and disrupts the spells and
   magical abilities of those hit.
   Natural abilities and divine invocations are not affected.
   It insulates you from electricity.
   It affects your magic capacity (+9).
 m - a +3 dagger of electrocution
 t - the +2 short sword of Arrival (weapon) {venom, +Fly rElec rPois rF-}
   (You found it on level 4 of the Dungeon)

   It poisons the flesh of those it strikes.
   It makes you vulnerable to fire.
   It insulates you from electricity.
   It protects you from poison.
   It lets you fly.
Armour
 g - a +0 cloak (worn)
 n - a +0 pair of gloves (worn)
 x - a +0 plate armour (worn)
 z - a +0 large shield (worn)
Jewellery
 y - a ring of stealth (left hand)
Wands
 v - a wand of disintegration (9)
 w - a wand of enslavement (5)
Scrolls
 i - 7 scrolls of remove curse
 l - 3 scrolls of teleportation
 o - 2 scrolls of blinking
 p - a scroll of enchant armour
 s - 10 scrolls of identify
 u - a scroll of amnesia
 A - a scroll of immolation {unknown}
Potions
 d - 3 potions of might
 e - a potion of berserk rage {unknown}
 h - a potion of flight {unknown}
 j - 2 potions of degeneration {unknown}
 k - 2 potions of brilliance
 q - 3 potions of curing {unknown}
 r - 3 potions of haste {unknown}
Comestibles
 f - 7 rations


   Skills:
 + Level 5.8 Fighting
 + Level 7.1(7.4) Short Blades
 + Level 3.1(5.5) Long Blades
 + Level 6.3 Armour
 + Level 2.2 Dodging
 + Level 2.2 Stealth
 + Level 8.5 Shields


You had 8 spell levels left.
You didn't know any spells.
Your spell library was empty.

Dungeon Overview and Level Annotations

Branches:
Dungeon (7/15)             Temple (1/1) D:6

Altars:
Cheibriados
Elyvilon
Ru
Xom

Shops:
D:4 [   D:6 (

Annotations:
D:3 1 runed translucent door


Innate Abilities, Weirdness & Mutations

You cannot be hasted, slowed, berserked, paralysed or teleported.
You can dig through walls and to a lower floor.
Your four strong arms can wield two-handed weapons with a shield.
You have a pair of large antennae on your head. (SInv)


Message History

The gargoyle hurls a stone arrow at you.
You block the stone arrow.
You hit the gargoyle.
The gargoyle is almost destroyed.
The gargoyle hits you but does no damage.
You hit the gargoyle.
The gargoyle is almost destroyed.
The gargoyle hurls a stone arrow at you.
The stone arrow hits you!!
* * * LOW HITPOINT WARNING * * *
You barely miss the gargoyle.
The gargoyle is almost destroyed.
You hit the gargoyle but do no damage.
The gargoyle is almost destroyed.
You block the gargoyle's attack.
It was a potion of brilliance.
You feel clever all of a sudden.
The gargoyle hurls a stone arrow at you.
The stone arrow hits you!!
You die...

#..#.....#
#..#.....#######+##. #...
+..#####...........#
#...##..+...+...........# ..
#...##..#...#...........#
...
#...##..................#..#
#...##...#######...######..#
#...##.###[###8###.........#
#...#..#{##9@'##8#.........#
#.....###+.....'###.#..##..#
#.....#{#.......#(#.#..#
#.....##+.......)##....#
#.....##....8....##....# {
#...#.##+.......'##.####
#####.#{#.......#8#....##..{
#.###+.....+###........ #..#
##...## #.........


You could see a gargoyle.

Vanquished Creatures
  A gargoyle (D:7)
  The ghost of losten the Caller, an amateur MfSu (D:3)
  Edmund (D:5)
  Duvessa (D:6)
  A sky beast (D:6)
  An ice beast (D:6)
  An ogre (D:4)
  3 centaurs
  4 big kobolds (Sewer)
  Blork the orc (D:5)
  Dowan (D:6)
  3 scorpions
  3 howler monkeys
  2 jellies
  An orc wizard (D:3)
  A bullfrog skeleton (D:5)
  3 worker ants
  17 adders
  2 river rats
  3 oozes
  An adder zombie (D:6)
  6 worms
  3 dart slugs (D:1)
  6 leopard geckos
  25 orcs
  9 giant cockroaches
  13 goblins
  8 hobgoblins
  4 jackals (D:4)
  16 kobolds
  A quokka (D:4)
  7 ball pythons
  6 bats
  11 frilled lizards
  A jackal skeleton (D:6)
  17 rats
185 creatures vanquished.

Notes
Turn   | Place    | Note
-------+----------+-------------------------------------------
     0 | D:1      | BinkBink the Formicid Fighter began the quest for the Orb.
     0 | D:1      | Reached XP level 1. HP: 18/18 MP: 1/1
    79 | D:1      | Reached skill level 4 in Shields
    79 | D:1      | Reached XP level 2. HP: 21/24 MP: 2/2
   359 | D:1      | Reached XP level 3. HP: 18/29 MP: 3/3
   842 | D:2      | Reached XP level 4. HP: 32/37 MP: 4/4
  1020 | D:2      | Found a sacrificial altar of Ru.
  1183 | D:2      | Reached XP level 5. HP: 41/42 MP: 5/5
  1329 | D:2      | Found a faded altar of an unknown god.
  1785 | D:3      | Reached skill level 1 in Short Blades
  2491 | D:3      | Reached XP level 6. HP: 47/48 MP: 6/6
  2659 | D:3      | Found a runed translucent door.
  2664 | D:3      | Noticed losten's ghost (amateur MfSu)
  2678 | D:3      | Reached skill level 5 in Shields
  2691 | D:3      | Killed losten's ghost
  2691 | D:3      | Reached skill level 1 in Dodging
  2691 | D:3      | Reached XP level 7. HP: 32/55 MP: 7/7
  2698 | D:3      | Found a runed translucent door.
  2879 | D:4      | Got a pitted short sword
  2880 | D:4      | Identified the cursed +2 short sword of Arrival {venom,
                  | +Fly rElec rPois rF-} (You found it on level 4 of the
                  | Dungeon)
  2929 | D:4      | Found Xusaixuniu's Antique Armour Shoppe.
  3244 | D:4      | Reached skill level 1 in Stealth
  3254 | D:4      | Reached skill level 6 in Shields
  3394 | D:5      | Entered Level 5 of the Dungeon
  3417 | D:5      | Reached XP level 8. HP: 49/61 MP: 8/8
  3530 | D:5      | Noticed Blork the orc
  3541 | D:5      | Killed Blork the orc
  3647 | D:5      | Found a glowing drain.
  3683 | Sewer    | Entered a sewer
  3764 | Sewer    | Reached skill level 5 in Short Blades
  4007 | Sewer    | Reached skill level 5 in Fighting
  4007 | Sewer    | Reached skill level 5 in Armour
  4092 | Sewer    | Reached skill level 7 in Shields
  4442 | D:5      | Reached XP level 9. HP: 67/68 MP: 9/9
  4590 | D:5      | Noticed Edmund
  4618 | D:5      | Killed Edmund
  5465 | D:6      | Found Ciafuuzo's Weapon Emporium.
  5575 | D:6      | Noticed Duvessa
  5575 | D:6      | Noticed Dowan
  5591 | D:6      | Killed Duvessa
  5591 | D:6      | Reached skill level 8 in Shields
  5599 | D:6      | Killed Dowan
  5702 | D:6      | Got a crystal short sword
  5703 | D:6      | Identified the +3 short sword of Qazlal's Benevolence
                  | {antimagic, rElec MP+9} (You found it on level 6 of the
                  | Dungeon)
  5769 | D:6      | Found a staircase to the Ecumenical Temple.
  5775 | Temple   | Entered the Ecumenical Temple
  5782 | Temple   | Became a worshipper of Cheibriados the Contemplative
  6072 | D:7      | Noticed a gargoyle
  6084 | D:7      | Killed a gargoyle
  6209 | D:7      | Noticed a gargoyle
  6245 | D:7      | Killed from afar by a gargoyle

Levels and vault maps discovered:
D:1:      erik_arrival_cave_to_civilisation [erik_arrival_cave_to_hall],
          layout_basic, st_stairs_4, minmay_hexomino_f4
D:2:      layout_loops_ring, chequers_ecumenical_altar_lobes, first_ration,
          nicolae_ru_awakened_eye
D:3:      minmay_door_path, layout_basic, ebering_ghost_sewer_f
D:4:      layout_loops_ring, serial_shops, shop
D:5:      layout_basic, serial_corexii_hall, corexii_hall_statues_i,
          corexii_hall_statues_l, gup_sewer_entry_glass,
          kennysheep_small_spiral, kennysheep_generic_room_2, uniq_edmund,
          uniq_blork_the_orc
D:6:      layout_basic, minmay_temple_entry_gardened_gates, serial_shops, shop,
          uniq_duvessa
D:7:      cheibrodos_statue_roulette, layout_gridville, grunt_livestock
Temple:   regret_index_temple_sigil_plot

Skill      XL: |  1  2  3  4  5  6  7  8  9 |
---------------+----------------------------+-----
Shields        | 4 5 6 7 8 |  8.5
Fighting       | 4 5 |  5.8
Long Blades    | 3 |  3.1
Short Blades   | 1 2 3 5 7 |  7.1
Armour         | 4 5 6 |  6.3
Dodging        | 1 2 |  2.2
Stealth        | 1 2 |  2.2

Action                   |  1- 3 |  4- 6 |  7- 9 || total
-------------------------+-------+-------+-------++-------
Melee: Long sword        |   101 |       |       ||   101
       Dagger            |     6 |   216 |     5 ||   227
       Short sword       |       |       |   500 ||   500
  Use: Scroll            |       |       |     8 ||     8
       Potion            |       |       |     2 ||     2
  Eat: Chunk             |       |     6 |    12 ||    18
Armor: Scale mail        |    54 |    71 |    40 ||   165
       Plate armour      |       |       |   104 ||   104
Dodge: Dodged            |    41 |    54 |    88 ||   183
Block: Shield            |    61 |    98 |   167 ||   326
       Large shield      |       |       |    42 ||    42
       Rpst.: Long sword |     7 |       |       ||     7

Table legend:
 A = Non-vault XP
 B = Vault XP
 C = Vault XP percentage of total XP
 D = Non-vault monster count
 E = Vault monster count
 F = Vault count percentage of total count
                 A         B        C        D         E       F
            +---------+---------+-------+---------+---------+-------
      Total |    1627 |    1820 |  52.8 |     131 |      54 |  29.2
            +---------+---------+-------+---------+---------+-------
        D:1 |      53 |      12 |  18.5 |      27 |       6 |  18.2
        D:2 |      78 |       0 |   0.0 |      19 |       0 |   0.0
        D:3 |     107 |     317 |  74.8 |      31 |       9 |  22.5
        D:4 |     356 |       0 |   0.0 |      24 |       0 |   0.0
        D:5 |     445 |     368 |  45.3 |      10 |       8 |  44.4
        D:6 |     504 |     232 |  31.5 |      14 |       2 |  12.5
        D:7 |      84 |     406 |  82.9 |       6 |       1 |  14.3
      Sewer |       0 |     485 | 100.0 |       0 |      28 | 100.0
            +---------+---------+-------+---------+---------+-------
